 Dungeon Crawl Stone Soup version 0.23-a0-554-gd3cbc8420a (webtiles) character file.

2699 Knicklaso the Cutter (level 9, 0/55 HPs)
             Began as a Gargoyle Earth Elementalist on Dec 10, 2018.
             Was a Follower of Dithmenos.
             Slain by a killer bee (4 damage)
             ... on level 7 of the Dungeon.
             The game lasted 00:20:05 (8935 turns).

Knicklaso the Cutter (Gargoyle Earth Elementalist)  Turns: 8935, Time: 00:20:06

Health: 0/55       AC: 14    Str: 11 (12) XL:     9   Next: 65%
Magic:  5/12       EV: 11    Int: 17 (19) God:    Dithmenos [*.....]
Gold:   343        SH:  0    Dex:  8 (10) Spells: 11/12 levels left

rFire    + . .     SeeInvis .   a - +2 dagger (distort)
rCold    . . .     Gourm    +   (no shield)
rNeg     + . .     Faith    .   H - +2 leather armour {rF+}
rPois    ∞         Spirit   .   (no helmet)
rElec    +         Reflect  .   x - +0 cloak
rCorr    .         Harm     .   (no gloves)
MR       .....                  w - +0 pair of boots
Stlth    +++.......             v - amulet of the gourmand
HPRegen  0.18/turn              (no ring)
MPRegen  0.13/turn              (no ring)

@: flying, hasted, wreathed by umbra, very quick
A: negative energy resistance 1, electricity resistance, unbreathing,
petrification resistance, rot immunity, AC +6
a: Renounce Religion


You were on level 7 of the Dungeon.
You worshipped Dithmenos.
Dithmenos was aware of your devotion.
You were full.

You visited 2 branches of the dungeon, and saw 8 of its levels.
You also visited: Sewer.

You collected 343 gold pieces.

Inventory:

Hand Weapons
 a - a +2 dagger of distortion (weapon)
 E - the +10 hunting sling of Gaonen {venom, Str+3, unknown}
   (You found it on level 6 of the Dungeon)

   It poisons the ammo it fires.
   It affects your strength (+3).
Missiles
 b - 112 stones (quivered)
 k - 11 tomahawks
 F - 7 javelins of penetration
Armour
 e - a +1 robe of magic resistance
 w - a +0 pair of boots (worn)
 x - a +0 cloak (worn)
 H - a +2 leather armour of fire resistance (worn)
Jewellery
 c - a cursed ring of teleportation {unknown}
 t - the amulet "Gaot" {+Rage Int+2, unknown}
   (You found it on level 4 of the Dungeon)

   [amulet of rage]

   It affects your intelligence (+2).
   It lets you go berserk.
 v - an amulet of the gourmand (around neck)
Wands
 z - a wand of iceblast (19)
 I - a wand of flame (12)
Scrolls
 f - 7 scrolls of identify {unknown}
 j - 3 scrolls of teleportation {unknown}
 m - 4 scrolls of remove curse {unknown}
 n - a scroll of noise {unknown}
 o - 3 scrolls of magic mapping {unknown}
 p - a scroll of enchant armour {unknown}
 u - 4 scrolls of blinking {unknown}
 y - a scroll of amnesia {unknown}
 C - a scroll of enchant weapon {unknown}
 D - a scroll of fog {unknown}
 G - 2 scrolls of immolation {unknown}
Potions
 g - a potion of resistance {unknown}
 h - 2 potions of degeneration
 i - 3 potions of brilliance {unknown}
 l - 4 potions of haste
 q - 2 potions of agility {unknown}
 r - 3 potions of flight
 s - a potion of might {unknown}
 A - 4 potions of curing {unknown}
 B - 2 potions of invisibility {unknown}
Comestibles
 d - 14 rations


   Skills:
 + Level 6.1 Fighting
 * Level 7.4 Short Blades
 + Level 6.1 Armour
 - Level 1.5 Dodging
 + Level 7.1 Stealth
 - Level 2.0 Spellcasting
   Level 0.7 Transmutations
 - Level 3.7 Earth Magic


You had 11 spell levels left.
You knew the following spells:

 Your Spells              Type           Power        Failure   Level  Hunger
a - Sandblast             Erth           ##....       5%          1    #......

Your spell library contained the following spells:

 Spells                   Type           Power        Failure   Level  Hunger
 Passwall                 Tmut/Erth      #.......     16%         2    ###....
 Confusing Touch          Hex            #.....       24%         1    #......
 Corona                   Hex            #......      24%         1    #......
 Stone Arrow              Conj/Erth      #.....       34%         3    ###....
 Ensorcelled Hibernation  Hex/Ice        #.....       36%         2    ###....
 Confuse                  Hex            #.......     58%         3    ###....
 Dazzling Spray           Conj/Hex       #.....       58%         3    ###....
 Gell's Gravitas          Tloc           #.........   58%         3    ###....
 Tukima's Dance           Hex            #.......     58%         3    ###....
 Petrify                  Tmut/Erth      #.......     69%         4    #####..
 Lee's Rapid Deconstruct  Erth           ##........   82%         5    ######.
 Yara's Violent Unravell  Hex/Tmut       #.........   99%         5    ######.
 Metabolic Englaciation   Hex/Ice        #.........   100%        5    ######.


Dungeon Overview and Level Annotations

Branches:
Dungeon (7/15)             Temple (1/1) D:5

Altars:
Ashenzari
Cheibriados
Dithmenos
Elyvilon
Fedhas
Hepliaklqana
Kikubaaqudgha
Makhleb
Okawaru
Qazlal
Ru
Sif Muna
Trog
Uskayaw
Vehumet
Xom
Yredelemnul

Annotations:
D:2 Natasha
Abyss:1 Pikel, Robin


Innate Abilities, Weirdness & Mutations

You are resistant to torment.
Your stone body is resilient. (AC +6)
You are immune to poison.
You resist negative energy. (rN+)
You are resistant to electric shocks. (rElec)
You can survive without breathing.
You are immune to petrification.
You are immune to rotting.


Message History

The blast of sand hits the killer bee.
The killer bee is almost dead.
b - 113 stones The killer bee stings you but does no damage.
The killer bee misses you.
Casting: Sandblast (safe; 4% risk of failure)
Confirm with . or Enter, or press ? or * to list all spells.
Aiming: Sandblast (safe; 4% risk of failure)
Press: ? - help, Shift-Dir - straight line, f/p - killer bee
Aim: a killer bee (almost dead)
The blast of sand hits the killer bee.
The killer bee is moderately wounded.
b - 112 stones The killer bee stings you.
* * * LOW HITPOINT WARNING * * *
It was a potion of degeneration.
There was something very wrong with that liquid.
You feel weakened.
You feel dopey.
You feel clumsy. The killer bee stings you.
You die...

....#..............##
.............####...#
.............##...###
...................#
............##...###
#..#............##
#(#.#.........###
.#...#.........###
#.....#........#@#
#.≈≈≈.#........#y##
#≈...≈#.........Fy#
#≈._.≈#..........##
#≈...≈#...........#..
#.≈≈≈.#.........?.....
#.....#.............#..
.#...#................
#. ##............##.


You could see a bullfrog and 2 killer bees.

Vanquished Creatures
  Menkaure (D:5)
  2 orc warriors (D:6)
  A black bear (D:6)
  A necrophage (D:5)
  3 ogres
  A centaur (D:6)
  2 bullfrogs
  A gnoll sergeant (D:5)
  A scorpion (D:6)
  A killer bee (D:7)
  2 howler monkeys
  A bullfrog zombie (D:5)
  2 jellies
  4 orc priests
  A hound (D:6)
  7 orc wizards
  3 iguanas
  Ijyb (D:4)
  2 worker ants
  13 adders
  4 gnolls (D:5)
  5 river rats (D:4)
  A shadow imp (D:6)
  4 oozes (Sewer)
  2 adder zombies
  An adder skeleton (D:5)
  4 worms
  18 leopard geckos
  12 orcs
  16 ball pythons
  5 bats
  15 giant cockroaches (Sewer)
  9 hobgoblins
  A quokka (D:2)
  10 frilled lizards
  12 goblins
  4 kobolds
  A leopard gecko zombie (D:6)
  A quokka skeleton (D:4)
  8 rats
183 creatures vanquished.

Vanquished Creatures (others)
  3 slaves (D:5)
  A centaur (D:7)
  A crimson imp (D:5)
  A bullfrog zombie (D:6)
  A centaur zombie (D:6)
  3 orc priests
  A bullfrog skeleton (D:6)
  2 worker ants
  A gnoll (D:5)
  3 adders
  An ooze (Sewer)
  An adder skeleton (D:4)
  2 leopard geckos
  2 orcs
  A giant cockroach (Sewer)
  A quokka (D:2)
25 creatures vanquished.

Grand Total: 208 creatures vanquished

Notes
Turn   | Place    | Note
-------+----------+-------------------------------------------
     0 | D:1      | Knicklaso the Gargoyle Earth Elementalist began the quest
                  | for the Orb.
     0 | D:1      | Reached XP level 1. HP: 10/10 MP: 3/3
   195 | D:1      | Reached XP level 2. HP: 16/16 MP: 5/5
   414 | D:2      | Reached skill level 1 in Short Blades
   454 | D:2      | Reached skill level 1 in Fighting
   458 | D:2      | Found a hide-covered altar of Uskayaw.
   472 | D:2      | Reached skill level 1 in Armour
   477 | D:2      | Noticed Robin
   796 | D:2      | Reached XP level 3. HP: 20/20 MP: 6/6
   819 | D:2      | Banished Robin
   918 | D:2      | Reached XP level 4. HP: 17/25 MP: 7/7
   983 | D:2      | Noticed Natasha
  2373 | D:4      | Reached XP level 5. HP: 27/30 MP: 8/8
  2383 | D:4      | Found a snail-covered altar of Cheibriados.
  2507 | D:4      | Reached XP level 6. HP: 24/36 MP: 9/9
  2570 | D:4      | Found a glowing drain.
  2596 | Sewer    | Entered a sewer
  2967 | Sewer    | Reached XP level 7. HP: 27/41 MP: 10/10
  3114 | D:4      | Got a glittering graven amulet
  3239 | D:4      | Noticed Ijyb
  3374 | D:4      | Killed Ijyb
  3542 | D:5      | Entered Level 5 of the Dungeon
  3570 | D:5      | Noticed Menkaure
  3571 | D:5      | Found a staircase to the Ecumenical Temple.
  3644 | Temple   | Entered the Ecumenical Temple
  3726 | Temple   | Became a worshipper of Dithmenos the Shadowed
  3898 | D:5      | Reached XP level 8. HP: 48/48 MP: 11/11
  3996 | D:5      | Killed Menkaure
  3996 | D:5      | Reached skill level 5 in Short Blades
  3996 | D:5      | Reached skill level 5 in Stealth
  4320 | D:5      | Noticed Pikel
  5026 | D:5      | Banished Pikel
  5026 | D:5      | Reached skill level 5 in Fighting
  5026 | D:5      | Reached skill level 5 in Armour
  5890 | D:5      | Found a staircase to the Ecumenical Temple.
  6532 | D:5      | Found a staircase to the Ecumenical Temple.
  6925 | D:6      | Reached XP level 9. HP: 43/54 MP: 12/12
  7100 | D:6      | Got a fine hunting sling
  7144 | D:6      | Found a shadowy altar of Dithmenos.
  7389 | D:6      | Found a deep blue altar of Sif Muna.
  7877 | D:6      | Found a hazy altar of Hepliaklqana.
  7948 | D:6      | Found a shadowy altar of Dithmenos.
  8012 | D:6      | Found a deep blue altar of Sif Muna.
  8372 | D:7      | Found a shimmering altar of Xom.
  8860 | D:7      | Found a sacrificial altar of Ru.
  8930 | D:7      | Reached * piety under Dithmenos
  8935 | D:7      | Slain by a killer bee

Vault maps used:
D:1:      dpeg_arrival_pits
D:2:      eat_drink_and_be_merry_uskayaw, uniq_natasha, uniq_robin
D:4:      overflow_temple_1_default, lightli_sewer_entry_pipes, first_ration,
          dk_vineyard_3, uniq_ijyb
D:5:      minmay_temple_entry_offerings, lightli_minifort, uniq_menkaure,
          uniq_pikel
D:6:      black_bear_nest_2, nicolae_overflow_hidden_temple, basic_altar,
          hangedman_abyss_or_decor_lesser_grid, minmay_misc_feat_secret_circle
D:7:      nicolae_ru_awakened_eye, nicolae_tso_besieged_by_evil,
          xom_teletrap_fun, grunt_ogre_cave
Temple:   jpeg_temple_clearing
Sewer:    sewer_frog_island_02

Skill      XL: |  1  2  3  4  5  6  7  8  9 |
---------------+----------------------------+-----
Short Blades   | 1 2 3 4 6 7 |  7.4
Fighting       | 1 2 3 4 5 6 |  6.1
Armour         | 1 2 3 4 5 6 |  6.1
Stealth        | 3 4 6 7 |  7.1
Dodging        | |  1.5
Spellcasting   | |  2.0
Transmutations | |  0.7
Earth Magic    | |  3.7

Action                   |  1- 3 |  4- 6 |  7- 9 || total
-------------------------+-------+-------+-------++-------
Melee: Dagger            |    71 |   323 |   375 ||   769
       Unarmed           |     2 |       |       ||     2
 Cast: Sandblast         |       |       |    18 ||    18
Evoke: Wand              |       |       |     1 ||     1
  Use: Potion            |       |       |     3 ||     3
 Stab: Sleeping          |     1 |     1 |     9 ||    11
       Distracted        |       |     1 |     3 ||     4
  Eat: Chunk             |       |     7 |    31 ||    38
Armor: Ring mail         |    27 |   140 |   111 ||   278
       Robe              |     1 |       |       ||     1
       Leather armour    |       |       |    62 ||    62
Dodge: Dodged            |    32 |   156 |   140 ||   328

Table legend:
 A = Non-vault XP
 B = Vault XP
 C = Vault XP percentage of total XP
 D = Non-vault monster count
 E = Vault monster count
 F = Vault count percentage of total count
                 A         B        C        D         E       F
            +---------+---------+-------+---------+---------+-------
      Total |    2564 |    1293 |  33.5 |     111 |      96 |  46.4
            +---------+---------+-------+---------+---------+-------
        D:1 |      19 |       2 |   9.5 |      13 |       1 |   7.1
        D:2 |      59 |      25 |  29.8 |      19 |      10 |  34.5
        D:3 |      58 |       0 |   0.0 |      12 |       0 |   0.0
        D:4 |     398 |     164 |  29.2 |      16 |      17 |  51.5
        D:5 |     486 |     698 |  59.0 |      13 |       8 |  38.1
        D:6 |    1226 |     131 |   9.7 |      28 |       1 |   3.4
        D:7 |     318 |       0 |   0.0 |      10 |       0 |   0.0
      Sewer |       0 |     273 | 100.0 |       0 |      59 | 100.0
            +---------+---------+-------+---------+---------+-------
